 Dungeon Crawl Stone Soup version 0.28-a0-1199-gef9e1dbd39 (webtiles) character file.

Game seed: 3896003181262246275

366 Gargoyl the Skirmisher (level 6, -1/79 HPs)
             Began as a Gnoll Abyssal Knight on Dec 19, 2021.
             Was a Believer of Lugonu.
             Slain by a two-headed ogre (7 damage)
             ... on level 4 of the Dungeon.
             The game lasted 00:04:19 (3300 turns).

Gargoyl the Skirmisher (Gnoll Abyssal Knight)       Turns: 3300, Time: 00:04:19

Health: -1/79      AC: 23    Str: 20    XL:     6   Next: 68%
Magic:  9/9        EV:  2    Int:  9    God:    Lugonu [**....]
Gold:   220        SH:  0    Dex: 13    Spells: 9/9 levels left

rFire   . . .      SeeInvis .   a - +2 hand axe
rCold   . . .      Faith    .   (no shield)
rNeg    + . .      Spirit   .   (armour currently unavailable)
rPois   +          Reflect  .   (helmet currently unavailable)
rElec   .          Harm     .   (cloak currently unavailable)
rCorr   .          Rampage  .   (gloves currently unavailable)
Will    .....      NoTele   +   (boots currently unavailable)
Stlth   ++........              (no amulet)
HPRegen 0.23/turn               h - ring of positive energy
MPRegen 0.11/turn               d - +6 ring of strength

@: tree-form
A: stationary, stasis, torment immunity, boosted hp, (fangs 1), strong nose,
distributed training
a: Renounce Religion, Depart the Abyss, Bend Space


You were on level 4 of the Dungeon.
You worshipped Lugonu.
Lugonu was pleased with you.
You were a tree.
You visited 1 branch of the dungeon, and saw 4 of its levels.
You visited the Abyss 1 time.

You collected 220 gold pieces.

Inventory:

Hand Weapons
 a - a +2 hand axe (weapon)
Armour
 c - a +0 ring mail (melded)
 f - a +0 helmet (melded)
Jewellery
 d - a +6 ring of strength (right branch)
 h - a ring of positive energy (left branch)
Wands
 b - a wand of iceblast (5)


   Skills:
 + Level 6.9 Fighting
 + Level 2.1 Short Blades
 + Level 2.1 Long Blades
 + Level 5.0 Axes
 + Level 2.1 Maces & Flails
 + Level 2.1 Polearms
 + Level 2.1 Staves
 + Level 2.1 Slings
 + Level 2.1 Bows
 + Level 2.1 Crossbows
 + Level 2.1 Throwing
 + Level 5.0 Armour
 + Level 3.3 Dodging
 + Level 2.1 Stealth
 + Level 2.1 Shields
 + Level 2.1 Unarmed Combat
 + Level 2.1 Spellcasting
 + Level 1.6 Conjurations
 + Level 1.6 Hexes
 + Level 1.6 Summonings
 + Level 1.6 Necromancy
 + Level 1.6 Translocations
 + Level 1.6 Transmutations
 + Level 1.6 Fire Magic
 + Level 1.6 Ice Magic
 + Level 1.6 Air Magic
 + Level 1.6 Earth Magic
 + Level 1.6 Poison Magic
 + Level 5.1 Invocations
 + Level 2.1 Evocations


You had 9 spell levels left.
You didn't know any spells.
Your spell library contained the following spells:

 Spells                   Type           Power      Damage    Failure   Level
 Magic Dart               Conj           12%        1d3       17%         1
 Call Imp                 Summ           3%         N/A       26%         2
 Ignite Poison            Fire/Tmut/Pois 3%         N/A       45%         3
 Mephitic Cloud           Conj/Pois/Air  3%         N/A       45%         3
 Freezing Cloud           Conj/Ice/Air   1%         6-21      99%         5


Dungeon Overview and Level Annotations

Branches:
Dungeon (4/15)
 Temple: D:4-7

Altars:


Innate Abilities, Weirdness & Mutations

You are a tree.
Your roots penetrate the ground, keeping you stationary.
You cannot be teleported.
You are immune to unholy pain and torment.
Your maximum health is greatly increased.
Your equipment is partially melded.
((You have very sharp teeth.))
Your uncanny sense of smell can sniff out nearby items.
Your experience applies equally to all skills.


Message History

The atropa-tipped dart completely misses the two-headed ogre.
The two-headed ogre barely misses you.
The two-headed ogre hits you with a +0 giant club.
Okay, then.
Unknown command.
It was a potion of lignification.
You turn into a tree.
Your +0 helmet melds into your body.
Your +0 ring mail melds into your body.
Your roots penetrate the ground.
You feel much better.
The two-headed ogre hits you with a +0 giant club!
The two-headed ogre hits you but does no damage.
You completely miss the two-headed ogre.
The two-headed ogre hits you with a +0 giant club.
The two-headed ogre hits you but does no damage.
You hit the two-headed ogre.
The two-headed ogre is lightly wounded.
The two-headed ogre barely misses you. x2
You hit the two-headed ogre.
The two-headed ogre is lightly wounded.
The two-headed ogre hits you with a +0 giant club!
The two-headed ogre hits you but does no damage.
You hit the two-headed ogre.
The two-headed ogre is lightly wounded.
The two-headed ogre hits you but does no damage.
The two-headed ogre hits you with a +0 giant club!
* * * LOW HITPOINT WARNING * * *
The goblin shouts!
You hit the two-headed ogre.
The two-headed ogre is moderately wounded.
You hit the two-headed ogre.
The two-headed ogre is moderately wounded.
The goblin shoots a stone.
The stone hits you but does no damage.
The two-headed ogre hits you but does no damage.
The two-headed ogre hits you with a +0 giant club!
* * * LOW HITPOINT WARNING * * *
You barely miss the two-headed ogre.
The two-headed ogre is moderately wounded.
The goblin shoots a stone.
The stone barely misses you.
The two-headed ogre hits you with a +0 giant club!
You die...

.(..##.#.#########.....#......#
....##.#.# #...o.#......#
.......#o# ∆+...g.........
.......#O# # #....O.......#
.......#.# #. #....#(##...#
.......#h###..####....#.O# #
#######h.....$?.(..######.#
.......)###.####O#.######.#
.......## ..##.♣.....g...#
.......# ##...#.#####..#
......## ##..#.#.#####..##+##
......# ##....................
####.## ##..#.#.#.#####......#.
#..# ##...#.#...# #......# #.##
##....#.##### #........
#.#∆##.....#.# #.(....##
#.###......#.# #......#


You could see a two-headed ogre and a goblin.

Vanquished Creatures
  A water moccasin (D:4)
  A bullfrog zombie (D:4)
  2 hounds (D:4)
  An iguana (D:4)
  3 gnolls (D:4)
  4 adders
  An adder zombie (D:4)
  2 dart slugs (D:1)
  4 orcs
  4 ball pythons
  2 endoplasms
  3 giant cockroaches
  11 goblins
  10 hobgoblins
  4 jackals
  A quokka (D:3)
  7 bats
  5 frilled lizards
  A jackal skeleton (D:4)
  3 kobolds
  6 rats
76 creatures vanquished.

Notes
Turn   | Place    | Note
-------+----------+-------------------------------------------
     0 | Abyss:1  | Gargoyl the Gnoll Abyssal Knight began the quest for the
                  | Orb.
     0 | Abyss:1  | Reached XP level 1. HP: 23/23 MP: 3/3
    40 | Abyss:2  | Noticed a smoke demon
    42 | Abyss:2  | Noticed a hellwing
    44 | Abyss:2  | Noticed a wretched star
    46 | D:1      | Escaped the Abyss
   240 | D:1      | Reached XP level 2. HP: 28/29 MP: 5/5
   385 | D:1      | Reached * piety under Lugonu
   695 | D:1      | Reached XP level 3. HP: 35/35 MP: 6/6
  1384 | D:2      | Reached skill level 1 in Short Blades
  1384 | D:2      | Reached skill level 1 in Long Blades
  1384 | D:2      | Reached skill level 1 in Maces & Flails
  1384 | D:2      | Reached skill level 1 in Polearms
  1384 | D:2      | Reached skill level 1 in Staves
  1384 | D:2      | Reached skill level 1 in Slings
  1384 | D:2      | Reached skill level 1 in Bows
  1384 | D:2      | Reached skill level 1 in Crossbows
  1384 | D:2      | Reached skill level 1 in Throwing
  1384 | D:2      | Reached skill level 1 in Stealth
  1384 | D:2      | Reached skill level 1 in Shields
  1384 | D:2      | Reached skill level 1 in Unarmed Combat
  1384 | D:2      | Reached skill level 1 in Spellcasting
  1384 | D:2      | Reached skill level 1 in Evocations
  1435 | D:2      | Reached XP level 4. HP: 26/41 MP: 7/7
  1728 | D:2      | Reached ** piety under Lugonu
  2125 | D:3      | Reached skill level 1 in Conjurations
  2125 | D:3      | Reached skill level 1 in Hexes
  2125 | D:3      | Reached skill level 1 in Summonings
  2125 | D:3      | Reached skill level 1 in Necromancy
  2125 | D:3      | Reached skill level 1 in Translocations
  2125 | D:3      | Reached skill level 1 in Transmutations
  2125 | D:3      | Reached skill level 1 in Fire Magic
  2125 | D:3      | Reached skill level 1 in Ice Magic
  2125 | D:3      | Reached skill level 1 in Air Magic
  2125 | D:3      | Reached skill level 1 in Earth Magic
  2125 | D:3      | Reached skill level 1 in Poison Magic
  2522 | D:3      | Found a faded altar of an unknown god.
  2620 | D:4      | Reached XP level 5. HP: 39/47 MP: 8/8
  2693 | D:4      | Noticed an ogre
  2693 | D:4      | Noticed a two-headed ogre
  2733 | D:4      | Noticed a sky beast
  3024 | D:4      | Noticed a water moccasin
  3037 | D:4      | Killed a water moccasin
  3038 | D:4      | Reached skill level 5 in Invocations
  3038 | D:4      | Reached XP level 6. HP: 48/53 MP: 9/9
  3159 | D:4      | Reached skill level 5 in Axes
  3159 | D:4      | Reached skill level 5 in Armour
  3300 | D:4      | Slain by a two-headed ogre

Illustrated notes

Levels and vault maps discovered:
D:1:      wander_arrival_estate, layout_loops_corners, st_stairs_6,
          minmay_nonomino_d4
D:2:      layout_basic, grunt_decor_clamped,
          hangedman_abyss_or_decor_lesser_grid
D:3:      layout_rooms, ebering_ecumenical_altar_webs, serial_bayou_pond_d
D:4:      layout_basic, kennysheep_little_box, chequers_arboretum,
          minmay_manual_mandibuliform

Skill      XL: |  1  2  3  4  5  6 |
---------------+-------------------+-----
Short Blades   | 1 2 |  2.1
Long Blades    | 1 2 |  2.1
Maces & Flails | 1 2 |  2.1
Polearms       | 1 2 |  2.1
Staves         | 1 2 |  2.1
Slings         | 1 2 |  2.1
Bows           | 1 2 |  2.1
Crossbows      | 1 2 |  2.1
Throwing       | 1 2 |  2.1
Stealth        | 1 2 |  2.1
Shields        | 1 2 |  2.1
Unarmed Combat | 1 2 |  2.1
Spellcasting   | 1 2 |  2.1
Evocations     | 1 2 |  2.1
Conjurations   | 1 |  1.6
Hexes          | 1 |  1.6
Summonings     | 1 |  1.6
Necromancy     | 1 |  1.6
Translocations | 1 |  1.6
Transmutations | 1 |  1.6
Fire Magic     | 1 |  1.6
Ice Magic      | 1 |  1.6
Air Magic      | 1 |  1.6
Earth Magic    | 1 |  1.6
Poison Magic   | 1 |  1.6
Dodging        | 3 |  3.3
Invocations    | 5 |  5.1
Axes           | 5 |  5.0
Armour         | 5 |  5.0
Fighting       | |  6.9

Action                   |  1- 3 |  4- 6 || total
-------------------------+-------+-------++-------
Melee: Hand axe          |    86 |   142 ||   228
       Bite              |     8 |    12 ||    20
       Punch             |       |     1 ||     1
Throw: Dart              |       |     6 ||     6
Invok: Depart the Abyss  |     1 |       ||     1
  Use: Scroll            |     1 |     5 ||     6
       Potion            |       |     3 ||     3
Armor: Ring mail         |    39 |    70 ||   109
       Skin              |       |     6 ||     6
Dodge: Dodged            |    55 |    98 ||   153

Table legend: (Time is in decaauts)
 A = Elapsed time spent in this place.
 B = Non-inter-level travel time spent in this place.
 C = Inter-level travel time spent in this place.
 D = Time resting spent in this place.
 E = Time spent auto-exploring this place.
 F = Levels seen in this place.
 G = Mean time per level.
                   A        B        C        D        E       F      G
               +--------+--------+--------+--------+--------+-----+--------+
         Total |   3337 |   3225 |    112 |    151 |   2311 |   6 |  556.2 |
       Dungeon |   3292 |   3180 |    112 |    151 |   2298 |   4 |  823.0 |
         Abyss |     45 |     45 |      0 |      0 |     13 |   2 |   22.5 |
               +--------+--------+--------+--------+--------+-----+--------+

Top non-repeatable levels by time:
     D:1: 1184 daAuts
     D:2: 909 daAuts
     D:3: 648 daAuts
     D:4: 549 daAuts
 Abyss:2: 39 daAuts
 Abyss:1: 6 daAuts
